 Dungeon Crawl Stone Soup version 0.30.1-4-g462c640d31 (webtiles) character file.

Game seed: 4616339325726174442

6240 Almogavar the Charlatan (level 10, -9/76 HPs)
             Began as a Gnoll Wanderer on Sept 11, 2023.
             Was a Believer of Makhleb.
             Killed from afar by an acid dragon (20 damage)
             ... with a splash of acid
             ... on level 8 of the Dungeon.
             The game lasted 00:45:15 (10190 turns).

Almogavar the Charlatan (Gnoll Wanderer)           Turns: 10190, Time: 00:45:15

Health: -9/76      AC: 15    Str: 14    XL:     10   Next: 93%
Magic:  20/20      EV: 13    Int: 16    God:    Makhleb [**....]
Gold:   950        SH:  5    Dex:  9    Spells: 20/22 levels left

rFire   . . .        j - +1 mace (protect)
rCold   + + .        e - +0 buckler
rNeg    . . .        B - +1 steam dragon scales
rPois   .            p - +0 helmet
rElec   .            o - +0 cloak
rCorr   .            G - +1 pair of gloves
SInv    .            (no boots)
Will    .....        m - amulet of regeneration
Stlth   +++          a - ring of protection from cold
HPRegen 1.12/turn    s - ring of protection from cold
MPRegen 0.17/turn

%: no passive effects
@: about to teleport, corroded, under a protective aura
A: fangs 1, strong nose, distributed training
a: Renounce Religion, Minor Destruction


You were on level 8 of the Dungeon.
You worshipped Makhleb.
Makhleb was pleased with you.
You visited 2 branches of the dungeon, and saw 9 of its levels.
You also visited: Bailey.

You collected 950 gold pieces.

Inventory:

Hand Weapons
 j - a +1 mace of protection (weapon)
 l - a +2 dagger of venom
 H - the +1 halberd of the Equinox {antimagic, Fly Str+8 Int-2 Dex-5}
   (You found it in a bailey)

   Str:       It affects your strength (+8).
   Int:       It affects your intelligence (-2).
   Dex:       It affects your dexterity (-5).
   Fly:       It grants you flight.
Missiles
 A - 3 boomerangs of dispersal
 D - 21 boomerangs (quivered)
Armour
 d - a +5 chain mail of ponderousness
 e - a +0 buckler (worn)
 n - a +2 scale mail of fire resistance
 o - a +0 cloak (worn)
 p - a +0 helmet (worn)
 y - the +0 scale mail of Leapfrog {Regen+ SInv}
   (You found it on level 6 of the Dungeon)

   SInv:      It lets you see invisible.
   Regen:     It increases your rate of health regeneration.
 B - +1 steam dragon scales (worn)
 G - a +1 pair of gloves (worn)
 J - a +1 pair of gloves of stealth
 K - a +3 ring mail of fire resistance
Magical Staves
 r - a staff of poison
 F - a staff of conjuration
Jewellery
 a - a ring of protection from cold (left hand)
 g - an amulet of faith
 m - an amulet of regeneration (around neck)
 s - a ring of protection from cold (right hand)
 z - a ring of ice
Wands
 L - a wand of mindburst (2)
 M - a wand of roots (9)
Scrolls
 b - 2 scrolls of teleportation
 c - 2 scrolls of enchant armour
 f - a scroll of fog
 h - a scroll of amnesia
 i - a scroll of magic mapping
 t - a scroll of enchant weapon {unknown}
 v - 3 scrolls of poison {unknown}
 C - a scroll of summoning {unknown}
Potions
 k - 2 potions of ambrosia
 q - a potion of invisibility
 u - 2 potions of heal wounds {unknown}
 x - a potion of mutation {unknown}
 E - a potion of haste {unknown}
 I - 3 potions of flight


   Skills:
 + Level 5.9 Fighting
 + Level 5.9 Short Blades
 + Level 5.9 Long Blades
 + Level 5.9 Axes
 + Level 5.9 Maces & Flails
 + Level 5.9 Polearms
 + Level 5.9 Staves
 + Level 5.9 Ranged Weapons
 + Level 5.9 Throwing
 + Level 5.9 Armour
 + Level 6.5 Dodging
 + Level 5.9 Stealth
 + Level 5.9 Shields
 + Level 5.9 Unarmed Combat
 + Level 6.6 Spellcasting
 + Level 4.9 Conjurations
 + Level 4.9 Hexes
 + Level 4.9 Summonings
 + Level 4.9 Necromancy
 + Level 7.4 Translocations
 + Level 7.4 Transmutations
 + Level 4.9 Fire Magic
 + Level 4.9 Ice Magic
 + Level 4.9 Air Magic
 + Level 4.9 Earth Magic
 + Level 4.9 Poison Magic
 + Level 6.5 Invocations
 + Level 7.6 Evocations


You had 20 spell levels left.
You knew the following spells:

 Your Spells              Type           Power      Damage    Failure   Level
a - Sting                 Tmut/Pois      100%       1d8       1%          1
b - Apportation           Tloc           58%        N/A       1%          1

Your spell library contained the following spells:

 Spells                   Type           Power      Damage    Failure   Level
 Necrotise                Necr           84%        1d8       2%          1
 Spider Form              Tmut/Pois      25%        N/A       3%          3
 Volatile Blastmotes      Fire/Tloc      50%        2d14      3%          3
 Ozocubu's Armour         Ice            21%        N/A       6%          3
 Vampiric Draining        Necr           21%        2d7       6%          3
 Passage of Golubria      Tloc           29%        N/A       8%          4
 Agony                    Necr           21%        N/A       52%         5
 Metabolic Englaciation   Hex/Ice        10%        N/A       52%         5
 Simulacrum               Ice/Necr       10%        N/A       97%         6


Dungeon Overview and Level Annotations

Branches:
Dungeon (8/15)             Temple (1/1) D:5            Lair (0/5) D:8
 Bailey (visited)

Altars:
Ashenzari
Cheibriados
Dithmenos
Elyvilon
Fedhas
Gozag
Hepliaklqana
Kikubaaqudgha
Makhleb
Nemelex Xobeh
Okawaru
Ru
Sif Muna
Trog
Uskayaw
Vehumet
Wu Jian
Xom
Yredelemnul
Zin
The Shining One

Annotations:
D:5 3 runed translucent doors, Sensen's ghost, novice DEHu
D:6 1 runed translucent door, Quickbrownfox's ghost, novice DsCj


Innate Abilities, Weirdness & Mutations

You have very sharp teeth.
Your uncanny sense of smell can sniff out nearby items.
Your experience applies equally to all skills.


Message History

You hit the acid dragon but do no damage.
The acid dragon bites you but does no damage.
The acid dragon claws you but does no damage.
You closely miss the acid dragon. The acid dragon bites you.
The acid dragon claws you.
* * * LOW HITPOINT WARNING * * *
You hit the acid dragon.
The acid dragon is lightly wounded.
The acid dragon closely misses you.
The acid dragon claws you but does no damage.
You barely miss the acid dragon.
The acid dragon is lightly wounded.
The acid dragon bites you!
* * * LOW HITPOINT WARNING * * *
The acid dragon barely misses you.
You hit the acid dragon.
The acid dragon is lightly wounded.
The acid dragon completely misses you.
The acid dragon claws you but does no damage.
You completely miss the acid dragon.
The acid dragon is lightly wounded.
The acid dragon bites you.
* * * LOW HITPOINT WARNING * * *
The acid dragon completely misses you.
You closely miss the acid dragon.
The acid dragon is lightly wounded.
The acid dragon closely misses you. You block the acid dragon's attack.
You feel better. The acid dragon bites you!
* * * LOW HITPOINT WARNING * * *
The acid dragon barely misses you.
As you read the scroll of teleportation, it crumbles to dust.
You feel strangely unstable. The acid dragon barely misses you.
The acid dragon claws you.
* * * LOW HITPOINT WARNING * * *
You hit the acid dragon but do no damage.
Your weapon exudes an aura of protection.
The acid dragon is lightly wounded.
The acid dragon spits acid at you. The splash of acid hits you!!
You die...

*,*******#.*.#........#.#.#
*,*,,,,,,....#.###.#))).#.#
*,*,,*,**#.#.#.# #..)...#..
*,*,,,,* #.#.#.# ######...#
*,*,**** #.#.#.# #...>
*,*,######)#.#.# ####.
*,*,.......#.#.# #..
*,*#######...#.# #..
*,,......D@.<#.# #.#
###########.##.# #.#
#(..........##.# #.#
##.############.# #.#
#...............# #.#
################# #.# #.#
#.# #.#


You could see an acid dragon (catching breath).

Vanquished Creatures
  A cyclops (D:8)
  Maggie (D:6)
  Prince Ribbit (D:6)
  A wraith (D:7)
  5 yaks (D:8)
  Edmund (D:6)
  2 water moccasins
  A sky beast (D:6)
  9 orc warriors
  2 ice beasts
  4 black bears
  3 ogres
  A centaur (D:6)
  3 phantoms
  Blork the orc (D:5)
  A kobold brigand (D:8)
  2 bullfrogs
  3 scorpions
  7 wights
  5 howler monkeys
  Crazy Yiuf (D:4)
  4 orc priests
  2 gnoll boudas
  5 hounds
  3 jellies
  A sleepcap (D:6)
  Jessica (D:2)
  4 orc wizards
  7 iguanas
  Robin (D:4)
  15 gnolls
  11 adders
  A shadow imp (D:7)
  3 white imps
  An ufetubus (D:6)
  2 worms
  3 dart slugs
  28 orcs
  6 ball pythons
  6 endoplasms
  2 giant cockroaches (D:1)
  16 goblins
  14 hobgoblins
  12 jackals
  7 quokkas
  8 bats
  5 frilled lizards
  22 kobolds
  8 rats
253 creatures vanquished.

Notes
Turn   | Place    | Note
-------+----------+-------------------------------------------
     0 | D:1      | Almogavar the Gnoll Wanderer began the quest for the Orb.
     0 | D:1      | Almogavar set off with the following items: a +0 club, a
                  | scroll of teleportation, a +0 robe, a wand of flame (6);
                  | and the following spells available to memorise:
                  | Apportation, Sting, Spider Form, Volatile Blastmotes,
                  | Passage of Golubria.
     0 | D:1      | Reached XP level 1. HP: 13/13 MP: 4/4
     2 | D:1      | Learned a level 1 spell: Sting
   171 | D:1      | Reached XP level 2. HP: 19/19 MP: 2/5
   237 | D:1      | Found a faded altar of an unknown god.
   822 | D:1      | Reached XP level 3. HP: 25/25 MP: 1/7
  1117 | D:1      | Reached skill level 1 in Invocations
  1558 | D:2      | Reached skill level 1 in Fighting
  1558 | D:2      | Reached skill level 1 in Short Blades
  1558 | D:2      | Reached skill level 1 in Long Blades
  1558 | D:2      | Reached skill level 1 in Axes
  1558 | D:2      | Reached skill level 1 in Maces & Flails
  1558 | D:2      | Reached skill level 1 in Polearms
  1558 | D:2      | Reached skill level 1 in Staves
  1558 | D:2      | Reached skill level 1 in Ranged Weapons
  1558 | D:2      | Reached skill level 1 in Throwing
  1558 | D:2      | Reached skill level 1 in Armour
  1558 | D:2      | Reached skill level 1 in Stealth
  1558 | D:2      | Reached skill level 1 in Shields
  1558 | D:2      | Reached skill level 1 in Unarmed Combat
  1665 | D:2      | Found an ancient bone altar of Kikubaaqudgha.
  1694 | D:2      | You fall into a shaft and drop 1 floor!
  1821 | D:3      | Reached XP level 4. HP: 21/32 MP: 5/8
  2177 | D:3      | Reached skill level 1 in Conjurations
  2177 | D:3      | Reached skill level 1 in Hexes
  2177 | D:3      | Reached skill level 1 in Summonings
  2177 | D:3      | Reached skill level 1 in Necromancy
  2177 | D:3      | Reached skill level 1 in Fire Magic
  2177 | D:3      | Reached skill level 1 in Ice Magic
  2177 | D:3      | Reached skill level 1 in Air Magic
  2177 | D:3      | Reached skill level 1 in Earth Magic
  2177 | D:3      | Reached skill level 1 in Poison Magic
  2511 | D:3      | Found a shadowy altar of Dithmenos.
  2511 | D:3      | Found a broken altar of Ashenzari.
  2778 | D:3      | Reached XP level 5. HP: 31/37 MP: 7/9
  2853 | D:3      | Found a blossoming altar of Fedhas.
  3195 | D:2      | Noticed Jessica
  3204 | D:2      | Killed Jessica
  4250 | D:4      | Reached XP level 6. HP: 44/44 MP: 4/11
  4338 | D:4      | Reached skill level 5 in Evocations
  4344 | D:4      | Noticed Robin
  4373 | D:4      | Killed Robin
  4414 | D:4      | Noticed a black bear
  4427 | D:4      | Killed a black bear
  4494 | D:4      | Noticed a water moccasin
  4513 | D:4      | Killed a water moccasin
  4514 | D:4      | Reached XP level 7. HP: 16/51 MP: 2/12
  4864 | D:4      | Found a runed translucent door.
  4865 | D:4      | Noticed Crazy Yiuf
  5255 | D:4      | HP: 2/51 [Crazy Yiuf/+3 quarterstaff of chaos (13)]
  5259 | D:4      | Killed Crazy Yiuf
  5342 | D:5      | Entered Level 5 of the Dungeon
  5383 | D:5      | Found a runed translucent gate.
  5383 | D:5      | Found a runed translucent gate.
  5383 | D:5      | Found a runed translucent gate.
  5383 | D:5      | Noticed Sensen's ghost (novice DEHu)
  5446 | D:5      | Reached XP level 8. HP: 58/58 MP: 14/14
  5802 | D:5      | Found a staircase to the Ecumenical Temple.
  5805 | D:5      | Noticed Blork the orc
  6214 | D:5      | Killed Blork the orc
  6253 | Temple   | Entered the Ecumenical Temple
  6280 | Temple   | Became a worshipper of Makhleb the Destroyer
  6454 | D:6      | Identified the +0 scale mail of Leapfrog {Regen+ SInv}
  6459 | D:6      | Noticed Edmund
  6470 | D:6      | Noticed Prince Ribbit
  6501 | D:6      | Reached XP level 9. HP: 49/65 MP: 16/16
  6555 | D:6      | Killed Edmund
  6556 | D:6      | Reached skill level 5 in Spellcasting
  6584 | D:6      | Killed Prince Ribbit
  6585 | D:6      | Reached skill level 5 in Dodging
  6906 | D:6      | Reached skill level 5 in Invocations
  7081 | D:6      | Reached * piety under Makhleb
  7166 | D:6      | Noticed Maggie
  7212 | D:6      | Killed Maggie
  7342 | D:6      | Found a runed translucent door.
  7342 | D:6      | Noticed Quickbrownfox's ghost (novice DsCj)
  7680 | D:6      | Reached skill level 5 in Fighting
  7680 | D:6      | Reached skill level 5 in Short Blades
  7680 | D:6      | Reached skill level 5 in Long Blades
  7680 | D:6      | Reached skill level 5 in Axes
  7680 | D:6      | Reached skill level 5 in Maces & Flails
  7680 | D:6      | Reached skill level 5 in Polearms
  7680 | D:6      | Reached skill level 5 in Staves
  7680 | D:6      | Reached skill level 5 in Ranged Weapons
  7680 | D:6      | Reached skill level 5 in Throwing
  7680 | D:6      | Reached skill level 5 in Armour
  7680 | D:6      | Reached skill level 5 in Stealth
  7680 | D:6      | Reached skill level 5 in Shields
  7680 | D:6      | Reached skill level 5 in Unarmed Combat
  7680 | D:6      | Reached XP level 10. HP: 68/69 MP: 18/18
  7764 | D:7      | Found a white marble altar of Elyvilon.
  7767 | D:7      | Found an iron altar of Okawaru.
  7768 | D:7      | Found an ancient bone altar of Kikubaaqudgha.
  7770 | D:7      | Found an ornate altar of the Wu Jian Council.
  7770 | D:7      | Found a shimmering blue altar of Sif Muna.
  7771 | D:7      | Found a glowing golden altar of the Shining One.
  7773 | D:7      | Found a basalt altar of Yredelemnul.
  9092 | D:8      | Found a staircase to the Lair.
  9112 | D:8      | Found a flagged portal.
  9118 | Bailey   | Entered a bailey
  9178 | Bailey   | Reached ** piety under Makhleb
  9208 | Bailey   | Identified the +1 halberd of the Equinox {antimagic, Fly
                  | Str+8 Int-2 Dex-5}
  9758 | D:8      | Found a sparkling altar of Nemelex Xobeh.
 10049 | D:8      | Learned a level 1 spell: Apportation
 10087 | D:8      | Noticed a cyclops
 10104 | D:8      | Killed a cyclops
 10190 | D:8      | Killed from afar by an acid dragon

Illustrated notes

Levels and vault maps discovered:
D:1:      elethiomel_arrival_quiet, layout_loops_corners,
          hellmonk_ecumenical_altar_arch_garden, minmay_tetromino_t2
D:2:      layout_basic, basic_altar, minmay_misc_feat_ornament,
          kennysheep_generic_room_8, uniq_jessica
D:3:      layout_basic, amcnicky_altar_gilded, gammafunk_temple_overflow_wave,
          grunt_ministairs_1, kennysheep_generic_room_9
D:4:      layout_rooms, palyth_stone_intersect, uniq_crazy_yiuf_cottage,
          uniq_robin
D:5:      layout_loops_cross, temple_pool_b, gammafunk_ghost_necromancy,
          minmay_between, uniq_blork_the_orc
D:6:      layout_rooms, gammafunk_ghost_grave, uniq_maggie, uniq_prince_ribbit1,
          uniq_edmund
D:7:      layout_cave_pods, nicolae_overflow_hallway_of_the_gods
D:8:      layout_basic, nemelex_xobeh_ov_fountains_minmay, lair_entry_dummy,
          enter_bailey_2, item_on_display_a
Temple:   chequers_temple_sunken

Skill      XL: |  1  2  3  4  5  6  7  8  9 10 |
---------------+-------------------------------+-----
Invocations    | 1 2 3 4 5 6 |  6.5
Fighting       | 1 2 3 5 |  5.9
Short Blades   | 1 2 3 5 |  5.9
Long Blades    | 1 2 3 5 |  5.9
Axes           | 1 2 3 5 |  5.9
Maces & Flails | 1 2 3 5 |  5.9
Polearms       | 1 2 3 5 |  5.9
Staves         | 1 2 3 5 |  5.9
Ranged Weapons | 1 2 3 5 |  5.9
Throwing       | 1 2 3 5 |  5.9
Armour         | 1 2 3 5 |  5.9
Stealth        | 1 2 3 5 |  5.9
Shields        | 1 2 3 5 |  5.9
Unarmed Combat | 1 2 3 5 |  5.9
Spellcasting   | 3 4 5 6 |  6.6
Conjurations   | 1 2 3 4 |  4.9
Hexes          | 1 2 3 4 |  4.9
Summonings     | 1 2 3 4 |  4.9
Necromancy     | 1 2 3 4 |  4.9
Fire Magic     | 1 2 3 4 |  4.9
Ice Magic      | 1 2 3 4 |  4.9
Air Magic      | 1 2 3 4 |  4.9
Earth Magic    | 1 2 3 4 |  4.9
Poison Magic   | 1 2 3 4 |  4.9
Dodging        | 3 4 5 6 |  6.5
Evocations     | 5 6 7 |  7.6
Translocations | 6 7 |  7.4
Transmutations | 6 7 |  7.4

Action                     |  1- 3 |  4- 6 |  7- 9 | 10-12 || total
---------------------------+-------+-------+-------+-------++-------
  Melee: Club              |     7 |       |       |       ||     7
         Dagger            |    50 |     3 |       |       ||    53
         Bite              |     2 |    17 |    68 |    60 ||   147
         Punch             |     1 |     2 |     3 |       ||     6
         Mace              |       |   178 |   592 |   461 ||  1231
  Throw: Boomerang         |       |       |       |    42 ||    42
   Cast: Sting             |    62 |    83 |   131 |    76 ||   352
  Evoke: Wand              |       |       |     6 |       ||     6
    Use: Scroll            |     2 |     5 |     8 |     3 ||    18
         Potion            |       |       |     2 |     2 ||     4
   Stab: Sleeping          |     1 |     1 |       |     1 ||     3
 Armour: Robe              |    12 |    16 |       |       ||    28
         Scale mail        |       |   117 |   460 |   112 ||   689
         Steam dragon scal |       |       |       |   129 ||   129
  Dodge: Dodged            |    50 |   118 |   349 |   280 ||   797
  Block: Buckler           |       |       |    75 |    95 ||   170
